Map: Flashback EE

Players

LopatkaNN

  • Race: Protoss Protoss
  • Spawn Location: 7:00

Spencer

  • Race: Protoss Protoss
  • Spawn Location: 7:00

MyJennaTills

  • Race: Terran Terran
  • Spawn Location: 7:00

MrFercho - Winner!

  • Race: Zerg Zerg
  • League: Gold
  • Spawn Location: 11:00

tigro - Winner!

  • Race: Terran Terran
  • League: Bronze
  • Spawn Location: 9:00

TATORREA - Winner!

  • Race: Protoss Protoss
  • League: Gold
  • Spawn Location: 11:00

VOD

Have the link to the VOD?

Description

Time

  • Played on: Aug. 17, 2020, 9:38 p.m.
  • Length: 22:51
Show
View Real Time Build Order
Export as new Build Order

LopatkaNN Protoss 

Build Orders:  

Get SALT Encoding   

  12  0:00  Probe  
  13  0:12  Probe  
  14  0:20  Pylon  
  14  0:28  Probe (Chrono Boost)  
  15  0:39  Probe (Chrono Boost)  
  16  0:45  Probe  
  16  0:46  Forge  
  17  1:12  Pylon  
  17  1:29  Pylon  
  17  1:49  Gateway  
  17  1:54  Assimilator  
  16  1:58  Assimilator  
  16  1:59  Probe (Chrono Boost)  
  17  2:07  Pylon  
  18  2:09  Probe (Chrono Boost)  
  18  2:14  Probe (Chrono Boost)  
  19  2:26  Probe (Chrono Boost)  
  21  2:37  Probe (Chrono Boost)  
  21  2:42  Probe (Chrono Boost)  
  21  2:43  Nexus  
  22  2:49  Cybernetics Core  
  22  2:52  Gateway  
  22  2:58  Probe  
  23  3:02  Protoss Ground Weapons Level 1  
  23  3:10  Probe (Chrono Boost)  
  25  3:20  Probe (Chrono Boost)  
  25  3:21  Pylon  
  25  3:24  Probe (Chrono Boost)  
  25  3:25  Pylon  
  26  3:30  Assimilator  
  26  3:35  Warp Gate (Chrono Boost)  
  26  3:36  Probe  
  27  3:43  Twilight Council  
  27  3:50  Probe (Chrono Boost)  
  28  3:56  Probe (Chrono Boost)  
  30  4:06  Probe x2 (Chrono Boost)  
  31  4:11  Gateway, Probe (Chrono Boost)  
  32  4:23  Dark Shrine, Probe  
  33  4:35  Robotics Facility, Probe  
  34  4:39  Probe  
  34  4:44  Assimilator  
  35  4:47  Probe  
  35  4:51  Probe  
  37  4:59  Probe  
  38  5:03  Probe  
  39  5:11  Probe  
  40  5:15  Probe  
  41  5:22  Gateway  
  41  5:26  Warp Prism  
  43  5:37  Dark Templar x3  
  49  5:54  Pylon  
  49  6:02  Immortal  
  53  6:14  Dark Templar  
  55  6:39  Protoss Ground Weapons Level 2 (Chrono Boost)  
  47  7:05  Stalker  
  47  7:06  Stalker  
  47  7:07  Stalker x2  
  53  7:30  Blink  
  53  7:36  Templar Archives  
  53  7:39  Pylon  
  53  7:42  Pylon  
  53  7:47  Robotics Bay  
  53  7:48  Stalker  
  53  7:49  Stalker x2  
  53  7:50  Stalker  
  47  8:05  Immortal  
  47  8:13  Probe (Chrono Boost)  
  48  8:22  Probe (Chrono Boost)  
  48  8:23  Probe (Chrono Boost)  
  50  8:30  Probe (Chrono Boost)  
  50  8:31  Probe (Chrono Boost)  
  52  8:35  Probe (Chrono Boost)  
  53  8:45  Immortal  
  53  8:46  Probe  
  50  8:56  Psionic Storm  
  50  8:58  Probe  
  50  9:02  Dark Templar  
  47  9:03  Dark Templar  
  47  9:06  High Templar x2  
  53  9:13  Probe (Chrono Boost)  
  54  9:17  Assimilator  
  54  9:24  Probe x2 (Chrono Boost)  
  58  9:31  Probe (Chrono Boost)  
  58  9:32  Probe (Chrono Boost)  
  58  9:36  Probe (Chrono Boost)  
  59  9:40  Probe  
  58  9:52  Probe  
  57  9:57  Colossus  
  63  10:03  High Templar  
  63  10:05  Zealot x3  
  67  10:09  Charge  
  49  10:44  Stalker x3  
  49  10:45  Stalker  
  53  10:51  Colossus  
  59  11:10  Stalker  
  59  11:11  Stalker x2  
  63  11:12  Stalker  
  61  11:44  Colossus  
  61  11:51  Stalker  
  61  11:52  Stalker x3  
  61  11:53  Protoss Ground Weapons Level 3 (Chrono Boost)  
  69  12:07  Nexus  
  69  12:11  Assimilator  
  69  12:14  Assimilator  
  69  12:17  Pylon  
  69  12:22  Pylon  
  69  12:24  Stalker  
  69  12:25  Stalker x2  
  69  12:26  Stalker  
  77  12:32  Pylon  
  77  12:35  Pylon  
  77  12:38  Pylon, Colossus  
  77  12:40  Pylon  
  77  12:42  Pylon  
  83  12:49  High Templar x3  
  88  12:59  Zealot  
  66  13:18  Archon  
  66  13:23  Dark Templar  
  66  13:24  Dark Templar  
  70  13:43  Probe (Chrono Boost)  
  71  13:49  Stalker x2  
  71  13:51  Colossus  
  71  13:53  Probe (Chrono Boost)  
  82  13:58  Probe (Chrono Boost)  
  83  14:09  Probe  
  72  14:21  Probe  
  69  14:27  Stalker x2  
  69  14:28  Stalker  
  69  14:29  Stalker  
  77  14:44  Colossus  
  75  15:18  Stalker  
  75  15:19  Stalker  
  75  15:20  Stalker x2  
  83  15:27  Nexus  
  83  15:29  Assimilator  
  83  15:30  Assimilator  
  83  15:32  Pylon  
  83  15:35  Pylon  
  83  15:38  Colossus  
  89  16:11  Protoss Ground Armor Level 1  
  89  16:19  Stalker x4  
  88  16:44  Stalker x2  
  88  16:45  Stalker x2  
  71  17:15  Probe  
  71  17:20  Probe  
  73  17:28  Probe (Chrono Boost)  
  75  17:37  Probe (Chrono Boost)  
  75  17:40  Probe (Chrono Boost)  
  77  17:45  Probe (Chrono Boost)  
  77  17:46  Probe (Chrono Boost)  
  78  17:54  Probe  
  61  18:03  Dark Templar x3  
  61  18:04  Dark Templar  
  51  18:15  Colossus  
  49  18:41  Gateway  
  49  18:42  Gateway  
  49  19:09  Colossus  
  55  19:30  Stalker  
  55  19:31  Stalker x2  
  53  19:32  Stalker  
  57  19:50  Stalker  
  57  19:51  Stalker  
  46  20:01  Stalker  
  46  20:02  Stalker x2  
  46  20:03  Stalker  
  48  20:15  Dark Templar  
  48  20:16  Dark Templar  
  43  20:29  Dark Templar  
  43  20:30  Dark Templar  
  43  20:31  Dark Templar x2  
  51  20:51  Stalker x2  
  30  21:22  Gateway x2  
  21  21:25  Gateway  
  21  21:27  Gateway  
  21  21:29  Gateway  
  21  21:31  Gateway  
  21  21:34  Pylon  
  21  21:35  Gateway  
  21  21:36  Pylon  
  21  21:37  Gateway  
  21  21:38  Pylon  
  21  21:41  Pylon  
  21  21:43  Pylon  
  21  21:45  Pylon  
  21  21:48  Pylon  
  18  22:09  Cybernetics Core  
  5  22:23  Zealot  
  5  22:24  Zealot  
Show
View Real Time Build Order
Export as new Build Order

Spencer Protoss 

Build Orders: Carriers 

Get SALT Encoding   

  12  0:01  Probe  
  13  0:17  Probe (Chrono Boost)  
  14  0:27  Pylon  
  15  0:28  Probe (Chrono Boost)  
  15  0:45  Probe  
  16  0:57  Probe  
  17  1:07  Pylon  
  17  1:09  Probe  
  17  1:25  Gateway  
  17  1:32  Assimilator  
  17  1:35  Assimilator, Probe (Chrono Boost)  
  18  1:45  Probe (Chrono Boost)  
  19  1:50  Probe (Chrono Boost)  
  20  2:02  Probe  
  21  2:12  Zealot  
  21  2:14  Probe  
  24  2:17  Cybernetics Core  
  24  2:26  Probe  
  24  2:27  Pylon  
  25  2:47  Nexus  
  25  2:51  Assimilator  
  25  2:55  Assimilator  
  25  3:01  Pylon  
  25  3:05  Pylon  
  25  3:13  Protoss Air Weapons Level 1 (Chrono Boost)  
  25  3:14  Stargate  
  25  3:29  Forge  
  25  3:34  Cybernetics Core  
  25  3:59  Probe (Chrono Boost)  
  26  4:05  Oracle  
  26  4:08  Probe (Chrono Boost)  
  30  4:13  Probe (Chrono Boost)  
  31  4:25  Protoss Air Armor Level 1, Probe (Chrono Boost)  
  31  4:26  Photon Cannon  
  31  4:30  Photon Cannon  
  32  4:37  Probe (Chrono Boost)  
  33  4:42  Oracle  
  37  4:46  Probe (Chrono Boost)  
  37  4:51  Probe  
  38  5:01  Fleet Beacon  
  38  5:03  Probe (Chrono Boost)  
  39  5:15  Probe (Chrono Boost)  
  40  5:22  Probe (Chrono Boost)  
  41  5:30  Probe  
  42  5:42  Probe  
  43  6:18  Carrier (Chrono Boost)  
  49  6:36  Probe (Chrono Boost)  
  50  6:42  Stargate  
  50  6:45  Probe (Chrono Boost)  
  51  6:50  Probe (Chrono Boost)  
  48  7:02  Probe  
  38  7:14  Probe  
  38  7:15  Carrier  
  43  7:38  Carrier  
  49  7:58  Protoss Air Weapons Level 2 (Chrono Boost)  
  39  8:55  Pylon  
  39  9:05  Photon Cannon  
  39  9:08  Photon Cannon  
  39  9:09  Photon Cannon  
  39  9:31  Pylon  
  39  9:34  Pylon  
  39  9:36  Pylon  
  39  9:49  Carrier  
  45  9:58  Carrier  
  51  10:43  Shield Battery  
  51  10:45  Shield Battery  
  51  10:47  Photon Cannon  
  51  10:49  Photon Cannon  
  51  10:54  Photon Cannon  
  45  11:51  Carrier  
  51  12:03  Pylon  
  51  12:07  Pylon  
  51  12:09  Pylon  
  51  12:14  Pylon  
  51  12:21  Carrier  
  51  12:22  Pylon  
  57  13:04  Protoss Air Weapons Level 3 (Chrono Boost)  
  51  14:55  Carrier  
  57  15:42  Nexus  
  57  15:45  Carrier  
  63  16:14  Pylon  
  63  16:17  Pylon  
  63  16:56  Probe (Chrono Boost)  
  64  17:06  Probe (Chrono Boost)  
  65  17:11  Probe (Chrono Boost)  
  66  17:22  Probe  
  63  17:34  Probe  
  28  18:42  Carrier  
  15  20:22  Pylon  
  15  20:44  Stargate  
  15  20:47  Stargate  
  15  20:49  Fleet Beacon  
  15  20:53  Assimilator  
  14  20:57  Assimilator  
  14  20:59  Probe (Chrono Boost)  
  15  21:09  Probe (Chrono Boost)  
  16  21:14  Probe (Chrono Boost)  
  17  21:26  Probe  
Show
View Real Time Build Order
Export as new Build Order

MyJennaTills Terran 

Build Orders:  

Get SALT Encoding   

  12  0:03  SCV  
  13  0:18  SCV  
  14  0:29  Supply Depot  
  14  0:37  SCV  
  15  0:44  Supply Depot  
  15  0:45  Refinery  
  15  0:51  SCV  
  15  0:54  Refinery  
  16  1:07  Barracks  
  16  1:18  Supply Depot  
  16  1:31  Engineering Bay  
  16  1:40  Supply Depot  
  16  2:16  Factory  
  16  2:22  Supply Depot  
  16  2:25  Supply Depot  
  16  2:26  Marine  
  17  2:35  SCV  
  18  2:47  Supply Depot  
  18  2:51  SCV  
  19  2:58  Marine  
  20  3:03  SCV  
  21  3:15  Marine  
  22  3:31  Barracks  
  22  3:32  Factory Tech Lab  
  22  3:33  Marine  
  23  3:34  Terran Infantry Weapons Level 1  
  23  3:47  SCV  
  24  3:51  Marine  
  25  3:59  Supply Depot  
  25  4:06  Siege Tank  
  25  4:09  Marine  
  29  4:21  Marine  
  30  4:27  Marine  
  31  4:31  Starport  
  31  4:38  Marine  
  31  4:44  Marine  
  33  4:50  Supply Depot  
  33  4:56  Marine  
  34  5:13  Supply Depot  
  34  5:24  Marine  
  34  5:28  Command Center  
  35  5:40  Supply Depot  
  35  5:42  Marine  
  36  6:02  Supply Depot  
  36  6:04  Siege Tank  
  39  6:06  Medivac, Refinery  
  39  6:09  Barracks Tech Lab  
  41  6:36  Siege Tank  
  24  7:37  Marine  
  25  7:54  Siege Tank  
  25  7:57  Marine  
  25  8:14  Medivac  
  25  8:15  Marine  
  28  8:26  Siege Tank  
  31  8:33  Marine, SCV  
  33  8:45  SCV  
  32  8:51  Marine  
  32  8:54  Refinery  
  33  8:57  SCV  
  34  9:09  Marine, SCV  
  35  9:24  Supply Depot  
  27  9:55  Siege Tank  
  30  10:02  Terran Infantry Armor Level 1  
  30  10:12  Marine  
  26  10:43  Supply Depot  
  22  11:04  Marine  
  22  11:06  Supply Depot  
  23  11:13  Siege Tank  
  23  11:27  Marine  
  24  11:45  Marine, Siege Tank  
  28  12:02  Supply Depot, Marine  
  29  12:20  Marine  
  30  12:24  Siege Tank  
  30  12:25  Supply Depot  
  33  12:38  Marine  
  34  12:55  Supply Depot  
  34  12:56  Marine, Siege Tank  
  34  12:57  Command Center  
  38  13:14  Marine  
  39  13:27  Supply Depot  
  39  13:28  Siege Tank  
  42  13:38  Combat Shield  
  42  13:41  Marine  
  43  13:50  Supply Depot  
  43  13:59  Marine  
  43  14:00  Siege Tank  
  47  14:10  Refinery  
  47  14:13  Supply Depot, SCV  
  47  14:16  Marine  
  49  14:25  SCV  
  50  14:32  Siege Tank  
  50  14:34  Marine, Refinery  
  50  14:38  SCV  
  55  14:50  SCV  
  55  14:52  Marine  
  57  15:02  SCV  
  57  15:05  Siege Tank  
  57  15:06  Supply Depot  
  61  15:10  Marine  
  63  15:14  SCV  
  63  15:26  SCV  
  64  15:30  Supply Depot  
  64  15:37  Siege Tank  
  64  15:38  SCV  
  60  16:09  Siege Tank  
  57  17:11  Siege Tank  
  57  17:14  Marine  
  61  17:32  Marine  
  62  17:43  Siege Tank  
  38  17:50  Marine  
  21  18:08  Marine  
  22  18:15  Siege Tank  
  15  18:26  Marine  
  16  18:43  Marine  
  16  18:47  Siege Tank  
  20  19:01  Marine  
  21  19:11  SCV  
  22  19:19  Siege Tank  
  16  19:51  Siege Tank  
  5  20:06  Marine  
Show
View Real Time Build Order
Export as new Build Order

MrFercho Zerg - Winner!

Build Orders: Hatch First 

Get SALT Encoding   

  12  0:13  Overlord  
  12  0:15  Drone  
  12  0:17  Drone  
  14  0:33  Drone  
  16  0:35  Drone  
  16  0:52  Hatchery  
  16  0:56  Drone  
  16  1:03  Drone  
  17  1:17  Spawning Pool, Drone  
  17  1:24  Drone  
  18  1:50  Drone x2  
  20  2:02  Extractor  
  20  2:08  Drone x3  
  22  2:20  Queen  
  22  2:21  Queen  
  22  2:22  Overlord  
  26  2:24  Overlord  
  26  2:29  Drone x2  
  28  2:41  Drone x2  
  30  2:59  Drone x3  
  30  3:04  Metabolic Boost  
  33  3:07  Drone x2  
  33  3:09  Overlord  
  35  3:13  Evolution Chamber  
  35  3:18  Queen  
  35  3:19  Drone  
  37  3:22  Drone  
  38  3:28  Drone  
  38  3:31  Overlord  
  38  3:32  Drone x2  
  38  3:34  Drone  
  42  3:41  Zerg Melee Weapons Level 1  
  42  3:42  Zergling x2  
  42  3:45  Overlord  
  43  3:50  Extractor  
  43  3:52  Zergling x2  
  43  3:55  Queen  
  43  4:00  Queen  
  43  4:02  Zergling x8  
  51  4:05  Zergling x2  
  52  4:15  Zergling x8  
  56  4:31  Drone x3  
  56  4:33  Zergling x4  
  56  4:37  Zergling x8  
  65  4:42  Queen  
  67  4:50  Overlord  
  67  4:52  Overlord  
  67  4:54  Zergling x2  
  67  4:56  Hatchery  
  67  4:57  Zergling x2  
  68  5:10  Zergling x12  
  68  5:12  Overlord  
  74  5:21  Lair  
  74  5:23  Zergling x8  
  78  5:29  Hatchery  
  78  5:34  Zergling x4  
  78  5:35  Zergling x4  
  81  5:40  Zerg Ground Armor Level 1  
  81  5:42  Zergling x2  
  82  5:48  Spore Crawler  
  81  5:51  Spore Crawler  
  81  5:52  Drone x3  
  81  5:55  Drone  
  84  5:57  Drone  
  85  6:07  Zergling x10  
  90  6:13  Overlord x3  
  87  6:34  Nydus Network  
  76  6:52  Zergling x12  
  76  6:53  Zergling x16  
  82  6:54  Overlord  
  77  7:14  Zergling x16  
  74  7:30  Baneling Nest  
  68  7:50  Zergling x2  
  68  7:51  Zergling x40  
  79  7:52  Zergling x4  
  79  7:53  Zergling x2  
  92  8:00  Zergling x6  
  86  8:15  Zergling x18  
  93  8:20  Zergling x10  
  91  8:27  Zergling x2  
  91  8:28  Zergling x6  
  91  8:31  Centrifical Hooks  
  75  8:58  Zergling x12  
  75  8:59  Zergling x20  
  83  9:05  Baneling  
  83  9:06  Baneling x21  
  83  9:07  Baneling  
  80  9:16  Zerg Melee Weapons Level 2  
  80  9:20  Zergling x2  
  80  9:21  Zergling x6  
  76  9:42  Zergling x8  
  76  9:43  Zergling x16  
  85  9:46  Zergling x4  
  67  10:01  Overlord  
  64  10:20  Hydralisk Den  
  62  10:38  Baneling x20  
  62  10:39  Baneling x6  
  62  10:40  Zergling x24  
  62  10:41  Zergling x2  
  75  10:50  Overlord  
  75  10:57  Nydus Canal  
  75  11:02  Extractor  
  62  11:22  Zergling x24  
  62  11:23  Zergling x14  
  66  12:02  Extractor  
  66  12:03  Drone x2  
  66  12:04  Drone x6  
  66  12:05  Drone  
  66  12:08  Extractor x2  
  73  12:10  Drone x3  
  73  12:11  Drone x3  
  73  12:14  Drone x3  
  81  12:17  Drone x2  
  81  12:18  Drone  
  84  12:32  Zerg Missile Weapons Level 1  
  84  12:39  Baneling x20  
  84  12:40  Baneling  
  84  12:58  Overseer  
  84  13:04  Overseer  
  84  13:08  Hydralisk  
  84  13:09  Hydralisk x5  
  96  13:26  Muscular Augments  
  96  13:39  Spire  
  95  13:45  Hydralisk  
  95  13:46  Hydralisk x3  
  103  14:04  Hydralisk x6  
  103  14:09  Hatchery  
  114  14:28  Hydralisk x3  
  114  14:29  Hydralisk x5  
  130  14:37  Grooved Spines  
  130  14:47  Hydralisk x6  
  142  14:55  Infestation Pit  
  141  15:24  Extractor  
  140  15:34  Nydus Canal  
  130  16:15  Nydus Canal  
  130  16:22  Zerg Missile Weapons Level 2  
  130  16:25  Zerg Flyer Weapons Level 1  
  127  16:41  Nydus Canal  
  125  16:58  Hydralisk x4  
  125  16:59  Hydralisk x8  
  125  17:00  Hydralisk  
  149  17:02  Overlord x5  
  149  17:06  Hive  
  89  17:49  Lurker Den  
  88  18:01  Extractor  
  87  18:28  Hydralisk x9  
  87  18:29  Hydralisk x25  
  87  18:30  Hydralisk x4  
  163  18:56  Nydus Canal  
  163  19:03  Drone x3  
  124  19:54  Nydus Canal  
  124  19:57  Hydralisk x6  
  124  19:58  Hydralisk x17  
  170  20:10  Zerg Missile Weapons Level 3  
  170  20:29  Overseer  
  170  20:33  Hydralisk x2  
  174  20:37  Overlord x5  
  174  20:38  Overlord x2  
  168  21:19  Hatchery  
  167  21:31  Seismic Spines  
  167  21:55  Hydralisk x15  
  167  21:56  Hydralisk  
Show
View Real Time Build Order
Export as new Build Order

tigro Terran - Winner!

Build Orders:  

Get SALT Encoding   

  12  0:20  SCV  
  13  0:24  Supply Depot  
  13  0:32  SCV  
  14  0:44  SCV  
  15  0:51  Barracks  
  15  1:15  Refinery  
  15  1:22  Supply Depot  
  15  1:32  Refinery  
  15  1:43  Marine  
  16  1:56  SCV  
  16  2:01  Marine  
  19  2:08  SCV  
  19  2:18  Marine  
  19  2:20  SCV  
  21  2:30  Factory  
  21  2:32  SCV  
  21  2:36  Marine  
  23  2:44  SCV  
  24  2:54  Marine  
  24  2:56  SCV  
  26  3:09  SCV  
  27  3:12  Barracks Tech Lab  
  27  3:15  Factory Tech Lab  
  27  3:19  Engineering Bay  
  27  3:21  SCV  
  28  3:36  Siege Tank  
  28  3:40  Combat Shield  
  31  3:44  Orbital Command  
  31  3:57  Supply Depot  
  31  4:15  Marine, Siege Tank  
  35  4:33  Marine  
  36  4:41  Missile Turret  
  36  4:50  Marine  
  37  4:59  Stimpack  
  37  5:02  Missile Turret  
  37  5:08  Marine  
  38  5:17  Command Center  
  38  5:18  Siege Tank  
  41  5:26  Marine  
  42  5:29  Terran Infantry Weapons Level 1  
  42  5:31  Missile Turret  
  39  6:45  Starport  
  34  7:23  Terran Infantry Armor Level 1, Missile Turret  
  34  7:24  Medivac  
  34  7:26  Armory  
  34  7:29  SCV  
  37  7:41  SCV  
  38  7:45  Missile Turret  
  38  7:51  Refinery  
  38  7:53  SCV  
  38  7:57  Siege Tank  
  42  8:00  Starport Tech Lab  
  42  8:05  SCV  
  42  8:12  Missile Turret  
  43  8:17  SCV  
  44  8:30  SCV  
  45  8:36  Refinery  
  45  8:38  Barracks, Missile Turret  
  45  8:42  SCV  
  46  8:54  SCV  
  47  9:06  SCV  
  47  9:07  Missile Turret  
  48  9:17  Neosteel Armor  
  48  9:22  Thor  
  54  9:26  Terran Vehicle Weapons Level 1  
  54  9:30  Missile Turret  
  54  9:38  Barracks Reactor  
  54  9:47  Marine  
  55  9:53  Medivac  
  55  9:59  Missile Turret  
  57  10:05  Thor, Marine  
  64  10:23  Marine  
  65  10:41  Marine  
  66  10:49  Thor  
  67  10:57  Hi-Sec Auto Tracking  
  67  10:59  Marine  
  61  11:16  Marine x3  
  64  11:20  Terran Vehicle And Ship Armor Level 1  
  64  11:33  Marine  
  64  11:34  Marine x2  
  64  11:37  Medivac  
  68  11:51  Marine  
  68  11:52  Marine x2  
  70  12:33  Fusion Core  
  70  13:10  Missile Turret  
  70  13:14  Terran Ship Weapons Level 1  
  70  13:32  Missile Turret  
  70  13:33  Weapon Refit  
  70  13:37  Missile Turret  
  70  13:53  Missile Turret  
  70  13:58  Missile Turret  
  70  14:13  Marine x2  
  70  14:15  Medivac, Marine, Missile Turret  
  57  14:17  Command Center  
  57  14:19  Missile Turret  
  35  14:31  Marine x2  
  31  14:32  Marine  
  31  14:35  Missile Turret  
  31  14:37  Missile Turret  
  33  14:41  Missile Turret  
  33  14:45  Battlecruiser  
  37  14:48  Marine  
  37  14:49  Marine  
  37  14:50  Marine  
  40  14:55  Missile Turret  
  40  15:03  Missile Turret  
  40  15:06  Marine  
  41  15:07  Marine  
  41  15:08  Marine, Terran Vehicle Weapons Level 2  
  41  15:13  Rapid Reignition System  
  43  15:17  Missile Turret  
  43  15:24  Refinery  
  43  15:25  Missile Turret  
  43  15:26  Marine  
  44  15:30  Refinery  
  44  15:36  Missile Turret  
  44  15:46  Command Center  
  44  15:49  Battlecruiser  
  50  15:59  Missile Turret  
  50  16:02  Missile Turret  
  50  16:20  Missile Turret  
  50  16:24  Orbital Command  
  50  16:40  Missile Turret  
  50  17:01  Missile Turret  
  50  17:21  Missile Turret  
  50  17:24  Terran Vehicle And Ship Armor Level 2  
  50  19:39  Terran Ship Weapons Level 2  
Show
View Real Time Build Order
Export as new Build Order

TATORREA Protoss - Winner!

Build Orders:  

Get SALT Encoding   

  12  0:02  Probe  
  13  0:14  Probe  
  14  0:26  Probe  
  14  0:28  Pylon  
  15  0:46  Probe  
  16  0:53  Gateway  
  16  0:58  Probe  
  18  1:18  Probe  
  18  1:30  Probe  
  19  1:42  Probe  
  20  1:54  Probe  
  21  2:07  Probe  
  22  2:27  Probe  
  23  2:31  Gateway, Cybernetics Core  
  23  2:39  Assimilator  
  22  2:49  Assimilator  
  22  2:50  Pylon  
  22  2:54  Pylon  
  22  2:58  Probe  
  23  3:25  Nexus  
  23  3:27  Pylon  
  23  3:29  Pylon  
  23  3:36  Twilight Council  
  23  3:39  Gateway  
  23  3:42  Probe  
  23  3:45  Warp Gate  
  24  3:50  Adept  
  26  3:58  Adept  
  28  4:06  Resonating Glaives (Chrono Boost)  
  28  4:10  Forge  
  28  4:22  Adept  
  30  4:27  Probe  
  31  4:33  Adept  
  31  4:38  Protoss Ground Weapons Level 1 (Chrono Boost), Probe  
  34  4:39  Probe  
  35  4:47  Adept  
  35  4:50  Probe  
  38  4:59  Probe  
  39  5:02  Probe  
  40  5:11  Probe  
  41  5:14  Probe  
  42  5:23  Probe  
  42  5:26  Probe  
  44  5:35  Adept x3, Probe  
  51  5:38  Probe  
  52  5:56  Probe x2  
  54  6:02  Assimilator  
  54  6:05  Assimilator  
  54  6:08  Probe x2  
  54  6:09  Gateway  
  56  6:11  Gateway  
  56  6:14  Gateway  
  56  6:16  Gateway  
  56  6:20  Probe x2  
  42  6:50  Stalker  
  42  6:51  Stalker x2  
  49  6:54  Probe x2  
  44  7:18  Stalker x2  
  44  7:19  Stalker x2  
  44  7:20  Stalker  
  44  7:21  Stalker x2  
  55  7:35  Probe x2 (Chrono Boost)  
  57  7:47  Probe x2 (Chrono Boost)  
  59  7:52  Probe x2 (Chrono Boost)  
  59  7:53  Stalker x4  
  69  8:01  Probe  
  69  8:03  Protoss Ground Weapons Level 2 (Chrono Boost)  
  70  8:07  Pylon  
  70  8:11  Pylon  
  70  8:15  Blink (Chrono Boost)  
  70  8:25  Probe x2  
  72  8:34  Pylon  
  72  8:38  Pylon, Probe x2  
  74  8:50  Probe  
  75  9:06  Stalker  
  75  9:07  Stalker  
  79  9:10  Stalker  
  81  9:20  Nexus  
  81  9:22  Pylon  
  81  9:23  Pylon  
  81  9:24  Stalker x2  
  83  9:25  Stalker  
  83  9:27  Stalker  
  89  9:39  Probe x2  
  91  9:47  Stalker  
  91  9:48  Stalker x2  
  91  9:51  Stalker, Probe x2  
  77  10:32  Stalker x4  
  77  10:33  Stalker x3  
  77  10:34  Probe  
  77  10:35  Probe x2  
  92  10:46  Probe  
  92  10:47  Probe  
  70  11:06  Stalker x4  
  70  11:07  Stalker x3  
  70  11:09  Probe x2  
  70  11:10  Probe  
  82  11:21  Probe x2  
  82  11:22  Probe  
  79  11:35  Probe (Chrono Boost)  
  79  11:36  Probe (Chrono Boost)  
  79  11:37  Probe (Chrono Boost)  
  82  11:43  Charge (Chrono Boost)  
  82  11:44  Protoss Ground Weapons Level 3 (Chrono Boost)  
  82  11:46  Probe x2 (Chrono Boost)  
  85  11:47  Probe (Chrono Boost)  
  85  11:51  Assimilator x2, Probe x2 (Chrono Boost)  
  87  11:59  Stalker x2  
  91  12:02  Stalker  
  93  12:19  Probe x2  
  93  12:20  Probe  
  96  12:25  Stalker  
  96  12:26  Stalker x4  
  96  12:27  Stalker  
  108  12:34  Probe x3  
  111  12:46  Probe x3  
  111  12:49  Nexus  
  114  12:51  Pylon  
  114  12:53  Pylon  
  114  12:59  Gateway  
  114  13:00  Gateway  
  114  13:03  Gateway  
  104  13:07  Gateway  
  104  13:08  Gateway  
  68  13:20  Stalker x2  
  68  13:21  Stalker x4  
  68  13:26  Probe  
  82  13:27  Probe x2  
  83  13:39  Probe x3  
  83  13:40  Assimilator  
  86  13:42  Assimilator  
  86  13:51  Probe  
  87  14:09  Probe x3, Templar Archives  
  91  14:10  Probe  
  91  14:12  Gateway x2  
  91  14:13  Stalker  
  91  14:14  Stalker x2  
  91  14:15  Gateway, Stalker  
  99  14:18  Gateway  
  99  14:21  Probe x3  
  99  14:22  Stalker x2  
  106  14:27  Pylon  
  106  14:31  Pylon  
  106  14:37  Pylon  
  86  14:41  Stalker x3, Pylon  
  86  14:42  Stalker x3  
  86  14:43  Stalker x2  
  86  14:45  Stalker  
  104  14:48  Stalker  
  104  14:50  Stalker, Pylon  
  106  15:12  Stalker  
  106  15:13  Stalker x2  
  106  15:14  Zealot x4  
  114  15:15  Zealot x4  
  114  15:16  Zealot  
  114  15:18  Zealot  
  122  15:42  Zealot x4  
  126  15:43  Zealot x5  
  126  15:44  Zealot x2  
  126  15:45  Zealot  
  142  16:14  Zealot  
  142  16:15  Zealot x3  
  142  16:16  Stalker x2  
  142  16:17  Stalker x3  
  142  16:18  Stalker  
  162  16:33  Stalker  
  162  16:34  Stalker x4  
  162  16:35  Stalker x2  
  162  16:37  Stalker  
  162  16:39  Stalker  
  180  16:40  Nexus  
  180  16:43  Pylon  
  180  16:44  Pylon  
  180  17:10  Robotics Facility  
  180  17:13  Stalker x3  
  180  17:14  Stalker x5  
  180  17:15  Stalker x2  
  102  18:32  Stalker  
  102  18:33  Stalker x4  
  92  18:34  Stalker x3  
  92  18:35  Stalker x5  
  92  18:36  Stalker x2  
  112  19:06  Stalker  
  112  19:08  Stalker x2  
  112  19:09  Stalker x2  
  122  19:10  Stalker x2  
  122  19:11  Stalker x2  
  130  19:17  Stalker x5, Gateway  
  130  19:18  Stalker  
  130  19:19  Gateway  
  130  19:20  Gateway x2  
  130  19:21  Assimilator  
  130  19:23  Gateway x4, Assimilator  
  142  19:24  Gateway x2  
  142  19:25  Gateway  
  142  19:27  Gateway  
  142  19:36  Stalker  
  142  19:37  Stalker x3  
  142  19:38  Stalker x2  
  154  19:39  Stalker x3  
  154  19:40  Stalker  
  154  19:43  Gateway x2  
  154  19:45  Gateway  
  162  19:47  Gateway  
  162  19:48  Gateway  
  138  20:32  Zealot  
  138  20:33  Zealot x4  
  138  20:34  Zealot x5  
  138  20:35  Zealot x4  
  154  20:36  Zealot x4  
  154  20:37  Zealot x3  
  154  20:38  Zealot x2  
  154  20:39  Zealot x3  
  154  20:40  Zealot  
  160  20:55  Zealot x2  
  160  20:56  Zealot x4  
  160  20:57  Zealot x5  
  156  20:58  Zealot x3  
  156  21:00  Zealot  
  166  21:49  Nexus  
  166  21:51  Stalker x4, Pylon  
  166  21:52  Stalker x4  
  166  21:53  Stalker x4, Pylon  
  166  21:54  Stalker x3  
  192  21:56  Stalker  
  198  22:01  Zealot  
Tags
 
Add a new tag
Caveats
  • Supply blocks, unpowered buildings, or Contaminate may cause inaccurate times.
  • Supply counts are checked every 10 seconds.